Map: Автоматон РВ

Players

Murena - Winner!

  • Race: Terran Terran
  • Spawn Location: 3:00

ИИ 1 (эксперт)

  • Race: Zerg Zerg
  • Spawn Location: 9:00

VOD

Have the link to the VOD?

Description

Time

  • Played on: Feb. 10, 2019, 5:53 a.m.
  • Length: 14:33
Show
View Real Time Build Order
Export as new Build Order

Murena Terran - Winner!

Build Orders:  

Get SALT Encoding   

  12  0:00  SCV  
  13  0:12  SCV  
  14  0:19  Supply Depot  
  14  0:25  SCV  
  15  0:41  SCV  
  15  0:42  Barracks  
  16  0:47  Refinery  
  16  0:54  SCV  
  17  1:06  SCV  
  17  1:08  Barracks  
  18  1:15  Supply Depot  
  18  1:18  SCV  
  19  1:29  Marine  
  19  1:31  SCV  
  21  1:40  Barracks  
  21  1:45  SCV  
  22  1:50  Marine  
  23  1:55  Marine  
  23  1:57  SCV  
  25  2:06  Factory  
  25  2:07  Marine  
  26  2:12  SCV  
  26  2:14  Marine  
  28  2:21  Supply Depot  
  28  2:26  SCV  
  28  2:27  Marine  
  30  2:30  Marine  
  31  2:39  Orbital Command  
  31  2:44  Barracks Tech Lab  
  31  2:47  Barracks Reactor  
  31  2:50  Barracks Tech Lab  
  31  2:53  Factory Reactor  
  31  3:00  Engineering Bay  
  31  3:06  Marauder  
  31  3:11  Marauder  
  35  3:19  SCV  
  36  3:20  Refinery  
  36  3:22  Concussive Shells  
  36  3:24  Marine x2  
  38  3:31  Supply Depot  
  38  3:34  SCV  
  38  3:39  Missile Turret  
  36  3:48  SCV  
  33  3:59  Hellion  
  35  4:05  Command Center  
  35  4:07  Marine  
  36  4:12  Marauder  
  38  4:17  Terran Infantry Weapons Level 1  
  38  4:20  SCV  
  38  4:23  Marine  
  40  4:25  Marine  
  40  4:30  Hellion  
  43  4:35  Marauder  
  45  4:40  Marauder  
  47  4:46  Supply Depot  
  47  4:53  Combat Shield  
  47  4:56  Stimpack  
  47  5:05  Supply Depot  
  47  5:11  Hellion  
  47  5:12  Marine x2  
  47  5:13  Marauder  
  53  5:17  SCV  
  53  5:19  SCV  
  55  5:25  Marauder  
  55  5:28  Hellion  
  59  5:30  Marine  
  59  5:31  Marine  
  61  5:36  Marauder  
  61  5:38  SCV  
  64  5:43  Hellion  
  64  5:48  Marauder  
  68  5:50  Marine  
  68  5:55  Marine  
  70  6:00  Marauder  
  70  6:01  SCV x2  
  68  6:08  Hellion  
  68  6:09  Hellion  
  63  6:14  Marine x2  
  63  6:17  Marauder  
  63  6:19  SCV x2  
  65  6:30  Armory, Terran Infantry Armor Level 1  
  65  6:35  SCV x2  
  67  6:45  Factory  
  67  6:50  Starport  
  67  6:51  Engineering Bay  
  67  6:55  Marine  
  67  6:56  Marine  
  67  6:57  SCV  
  67  6:58  SCV  
  67  7:00  Marauder  
  73  7:07  Marine  
  74  7:10  Orbital Command  
  74  7:13  Marine  
  75  7:22  Marauder, Marine  
  78  7:28  Supply Depot, Starport Reactor  
  78  7:29  Factory Tech Lab  
  78  7:43  Unknown, Terran Vehicle Weapons Level 1  
  78  7:46  Marauder  
  78  7:50  Refinery  
  73  7:52  Refinery  
  73  7:54  Marine  
  73  7:55  SCV, Command Center  
  73  7:57  SCV  
  60  8:09  Marauder x2  
  60  8:11  Siege Tank  
  66  8:17  Terran Infantry Weapons Level 2  
  66  8:19  Marine  
  67  8:26  Missile Turret  
  61  8:30  Medivac  
  61  8:32  Marine  
  61  8:33  SCV  
  65  8:36  SCV  
  65  8:39  Marine  
  67  8:43  Siege Tank  
  70  8:49  Marauder  
  70  8:50  Marauder  
  70  8:55  Medivac  
  76  8:57  Marine x2  
  78  9:06  SCV  
  78  9:07  SCV  
  78  9:08  Planetary Fortress  
  78  9:09  Marine  
  80  9:14  Marauder  
  83  9:22  Cyclone  
  83  9:23  Marine x2, Barracks  
  83  9:24  Barracks  
  88  9:29  Medivac  
  90  9:32  Supply Depot  
  90  9:36  Marauder  
  90  9:37  Marauder  
  94  9:39  Hellion  
  94  9:40  Hellion  
  94  9:43  Supply Depot  
  94  9:44  Marine x2  
  100  9:53  SCV  
  100  9:54  SCV  
  102  10:12  Terran Infantry Armor Level 2  
Show
View Real Time Build Order
Export as new Build Order

ИИ 1 (эксперт) Zerg 

Build Orders: Hatch First 

Get SALT Encoding   

  12  0:00  Drone  
  13  0:12  Overlord  
  13  0:18  Drone  
  14  0:30  Drone  
  14  0:31  Drone  
  14  0:34  Drone  
  17  0:54  Hatchery  
  16  0:58  Drone  
  17  1:15  Spawning Pool  
  17  1:16  Extractor  
  17  1:18  Drone  
  16  1:22  Drone  
  17  1:26  Extractor  
  17  1:28  Drone  
  17  1:33  Drone  
  17  1:39  Drone  
  19  1:50  Overlord  
  19  2:03  Queen  
  21  2:09  Zergling x2  
  22  2:27  Queen  
  24  2:33  Drone  
  25  2:38  Drone  
  25  2:43  Drone  
  27  2:47  Drone  
  28  3:00  Lair  
  28  3:04  Zergling x2  
  29  3:07  Zergling x2  
  29  3:10  Drone  
  31  3:14  Drone  
  31  3:16  Drone  
  33  3:20  Zergling x2  
  33  3:23  Zergling x2  
  33  3:26  Zergling x2  
  36  3:33  Overlord  
  36  3:40  Drone, Baneling Nest  
  32  3:49  Queen  
  32  3:52  Zergling x2  
  36  3:55  Zergling x2  
  36  4:07  Spire  
  36  4:09  Drone  
  36  4:12  Drone  
  36  4:15  Drone  
  38  4:18  Drone  
  38  4:20  Drone  
  38  4:24  Drone  
  41  4:26  Drone  
  42  4:31  Overlord  
  42  4:33  Baneling  
  42  4:35  Zergling x2  
  42  4:36  Baneling  
  42  4:37  Baneling  
  43  4:51  Roach Warren  
  42  4:53  Hydralisk Den  
  42  4:58  Drone  
  42  5:02  Overlord  
  42  5:04  Drone  
  42  5:06  Drone  
  44  5:09  Drone  
  44  5:11  Drone  
  44  5:13  Drone  
  47  5:15  Drone  
  47  5:20  Drone x2  
  50  5:23  Hydralisk  
  50  5:24  Overlord  
  50  5:28  Hydralisk  
  52  5:30  Drone  
  52  5:32  Drone, Roach  
  52  5:35  Roach  
  60  5:42  Overlord, Roach  
  62  5:44  Roach  
  62  5:46  Roach  
  62  5:49  Roach  
  68  5:59  Drone  
  68  6:00  Drone  
  68  6:01  Infestation Pit  
  68  6:02  Drone x2  
  68  6:03  Zergling x2  
  63  6:05  Zergling x2  
  63  6:07  Roach  
  63  6:10  Roach  
  64  6:13  Drone  
  64  6:14  Roach  
  64  6:15  Drone  
  66  6:18  Overlord  
  66  6:22  Drone  
  66  6:25  Drone  
  68  6:33  Roach  
  68  6:36  Roach  
  68  6:39  Evolution Chamber  
  71  6:42  Ravager  
  71  6:43  Ravager  
  71  6:44  Evolution Chamber, Roach, Infestor  
  71  6:46  Hatchery  
  75  6:54  Drone  
  75  6:56  Overlord  
  75  6:59  Roach  
  77  7:01  Roach  
  77  7:04  Zerg Ground Armor Level 1  
  77  7:06  Roach  
  81  7:10  Zerg Missile Weapons Level 1  
  81  7:12  Extractor, Overseer  
  81  7:13  Drone  
  81  7:16  Extractor  
  81  7:17  Drone  
  81  7:22  Overlord, Zergling x6  
  84  7:29  Zergling x2  
  85  7:32  Infestor  
  85  7:35  Baneling  
  86  7:39  Baneling  
  86  7:40  Drone  
  86  7:43  Drone  
  82  7:48  Drone, Zergling x4  
  82  7:51  Drone, Hatchery  
  77  7:55  Roach  
  64  8:02  Roach  
  57  8:06  Roach  
  57  8:12  Hydralisk  
  58  8:16  Zergling x2  
  58  8:19  Zergling x6, Queen  
  62  8:22  Infestor  
  62  8:27  Hydralisk  
  62  8:28  Ravager  
  62  8:34  Roach  
  67  8:35  Baneling  
  67  8:39  Roach  
  69  8:44  Roach  
  71  8:49  Roach  
  71  8:50  Spine Crawler  
  71  8:52  Ravager  
  71  8:55  Roach  
  75  8:56  Spine Crawler  
  75  9:00  Roach  
  76  9:03  Roach  
  76  9:06  Roach  
  80  9:11  Roach  
  80  9:13  Infestor  
  80  9:14  Extractor  
  80  9:16  Hydralisk  
  85  9:17  Extractor  
  85  9:21  Hydralisk  
  86  9:25  Drone x2  
  86  9:26  Drone x2  
  86  9:27  Drone  
  91  9:33  Drone  
  91  9:35  Overlord  
  91  9:38  Drone  
  93  9:41  Zerg Missile Weapons Level 2  
  93  9:44  Drone  
  94  9:46  Drone  
  94  9:48  Drone  
  96  9:54  Drone  
  96  9:56  Drone  
  96  9:57  Overlord, Infestor, Zergling x2  
  97  10:00  Zergling x2  
  97  10:05  Infestor  
  98  10:07  Zergling x2  
  98  10:10  Zerg Ground Armor Level 2  
  98  10:11  Zergling x2  
  86  10:16  Baneling x2, Zergling x2  
  86  10:18  Zergling x2  
  86  10:20  Baneling x2  
  78  10:22  Zergling x2  
  78  10:26  Metabolic Boost  
  78  10:27  Zergling x2  
  80  10:29  Roach, Zergling x4  
  80  10:30  Zergling x2  
  80  10:33  Roach  
  87  10:36  Ravager  
  87  10:37  Drone  
  87  10:39  Ravager, Roach  
  92  10:44  Roach  
  92  10:48  Roach  
  95  10:50  Drone, Spore Crawler  
  95  10:54  Drone  
  92  10:59  Drone  
  92  11:01  Drone, Zergling x4  
  78  11:07  Roach  
  78  11:10  Roach  
  72  11:17  Roach  
  74  11:20  Hydralisk  
  74  11:24  Queen  
  73  11:28  Zergling x2  
  73  11:31  Roach  
  70  11:33  Roach, Zergling x2, Hydralisk  
  70  11:37  Hatchery  
  62  11:40  Roach  
  62  11:42  Roach  
  66  11:50  Zergling x2  
  66  11:53  Drone  
  64  11:57  Zerg Melee Weapons Level 1  
  38  12:21  Zergling x2  
  30  12:26  Zergling x2  
  27  12:33  Roach  
  29  12:41  Hatchery  
  20  12:51  Queen  
  17  13:10  Drone  
  16  13:18  Drone  
  14  13:26  Drone  
  11  13:36  Drone  
  8  13:45  Drone  
  8  14:07  Drone  
Tags
 
Add a new tag
Caveats
  • Supply blocks, unpowered buildings, or Contaminate may cause inaccurate times.
  • Supply counts are checked every 10 seconds.